 Dungeon Crawl Stone Soup version 0.31.0-11-ge490571c62 (webtiles) character file.

Game seed: 15406103853174131454

107 qw the Skirmisher (level 4, 0/25 HPs)
             Began as a Deep Elf Hunter on Feb 5, 2024.
             Slain by an ogre
             ... wielding a +0 giant spiked club
              (25 damage)
             ... on level 4 of the Dungeon.
             The game lasted 00:00:32 (1893 turns).

qw the Skirmisher (Deep Elf Hunter)                 Turns: 1893, Time: 00:00:33

Health: 0/25       AC:  6    Str: 10    XL:     4   Next: 57%
Magic:  6/6        EV: 11    Int: 14    God:
Gold:   107        SH:  0    Dex: 18    Spells: 3/3 levels left

rFire   . . .        c - +2 triple crossbow (freeze)
rCold   . . .        (shield currently unavailable)
rNeg    . . .        f - +0 ring mail
rPois   .            (no helmet)
rElec   .            (no cloak)
rCorr   .            d - +0 pair of gloves
SInv    .            (no boots)
Will    .....        (no amulet)
Stlth   +            (no ring)
HPRegen 0.24/turn    (no ring)
MPRegen 0.10/turn

%: no passive effects
@: no status effects
A: no striking features
a: no special abilities


You were on level 4 of the Dungeon.
You visited 1 branch of the dungeon, and saw 4 of its levels.

You collected 107 gold pieces.


   Skills:
 - Level 1.5 Fighting
 + Level 8.0 Ranged Weapons
 - Level 2.4 Dodging
 - Level 1.2 Stealth


You had 3 spell levels left.
You didn't know any spells.
Your spell library was empty.

Inventory:

Hand Weapons
 c - a +2 triple crossbow of freezing (weapon)
Armour
 d - a +0 pair of gloves (worn)
 f - a +0 ring mail (worn)
Wands
 a - a wand of flame (23)
Potions
 b - a potion of heal wounds {unknown}

Dungeon Overview and Level Annotations

Branches:
Dungeon (3/15)

Altars:

Annotations:
D:3 1 runed translucent door, Crazy Yiuf


Message History

You kill the rat!
You start resting.
HP restored.
You see here a rat corpse.
You hear the slow rusting of a very distant drain.
You now have 103 gold pieces (gained 3).
a - a wand of flame (23);
b - a viscous purple potion
Things that are here:
a +0 dagger; a +0 leather armour; the goblin corpse of Ijyb
Found a stone staircase leading down.
Found a ring mail.
You see here a rat corpse.
A malevolent force fills the Dungeon...
You fall into a shaft and drop 1 floor!
The shaft crumbles and collapses.
Found a ring mail.
Waypoint 3 assigned to D:4.
A kobold comes into view. It is wielding a +0 short sword.
You shoot a bolt.
The bolt hits the kobold but does no damage.
The kobold shouts!
You shoot a bolt. The bolt closely misses the kobold.
The kobold barely misses you. The kobold hits you but does no damage.
You shoot a bolt. The bolt closely misses the kobold.
The kobold barely misses you.
The kobold hits you with a +0 short sword.
You shoot a bolt. The bolt barely misses the kobold.
The kobold closely misses you. The kobold misses you.
You shoot a bolt. The bolt hits the kobold!!
The bolt freezes the kobold.
You kill the kobold!
Items here: % ( ) [.
You now have 107 gold pieces (gained 4).
An ogre comes into view. It is wielding a +0 giant spiked club.
The ogre shouts!
The ogre moves out of view.
An ogre is nearby!
You shoot a bolt. The bolt barely misses the ogre.
A hobgoblin comes into view.
The ogre hits you with a +0 giant spiked club!!
Ouch! That really hurt!
You die...

#####
##.g..
##.O#
##.@#
##..##
#..## ###
###.##
#..###...#
#....#.###
#....#
#...####
###....#


You could see an ogre and a hobgoblin.

Vanquished Creatures
  Ijyb (D:3)
  2 adders (D:2)
  2 ribbon worms
  3 dart slugs
  An orc (D:3)
  4 bats
  3 endoplasms
  2 giant cockroaches (D:2)
  4 goblins
  4 hobgoblins
  8 jackals
  3 kobolds
  A quokka (D:2)
  2 ball pythons (D:1)
  4 frilled lizards
  6 rats
50 creatures vanquished.

Notes
Turn   | Place    | Note
-------+----------+-------------------------------------------
     0 | D:1      | qw the Deep Elf Hunter began the quest for the Orb.
     0 | D:1      | Reached XP level 1. HP: 12/12 MP: 3/3
     0 | D:1      | 0 ||| qw: Version: 0.3-a-160-g6735b56
     0 | D:1      | 0 ||| qw: Game counter: 6491
     0 | D:1      | 0 ||| qw: Melee chars always use a shield: true
     0 | D:1      | 0 ||| qw: God list: Okawaru
     0 | D:1      | 0 ||| qw: Allow faded altars: false
     0 | D:1      | 0 ||| qw: Do Orc after clearing Dungeon:15 true
     0 | D:1      | 0 ||| qw: Do second Lair branch before Depths: true
     0 | D:1      | 0 ||| qw: Lair rune preference: random
     0 | D:1      | 0 ||| qw: Goals: Normal
     0 | D:1      | 0 ||| PLANNING D:1-11
   270 | D:1      | Reached skill level 6 in Ranged Weapons
   270 | D:1      | Reached XP level 2. HP: 16/16 MP: 4/4
   894 | D:1      | 894 ||| UPGRADING to +0 pair of gloves.
   899 | D:1      | 899 ||| UPGRADING to +0 ring mail.
   909 | D:1      | 909 ||| DROPPING +0 leather armour.
   910 | D:1      | 910 ||| READING scroll labelled XAOHUFFISATT.
   911 | D:1      | 911 ||| READING scroll labelled ZEM YLUSUYLO.
   911 | D:1      | Identified a scroll of acquirement
   911 | D:1      | 911 ||| ACQUIRING +2 triple crossbow of freezing
   911 | D:1      | Acquired a +2 triple crossbow of freezing
   913 | D:1      | 913 ||| SWAPPING to +2 triple crossbow of freezing.
   914 | D:1      | 914 ||| DROPPING +0 shortbow.
   915 | D:1      | 915 ||| DROPPING scroll of butterflies.
   941 | D:2      | Found a faded altar of an unknown god.
   975 | D:2      | Reached XP level 3. HP: 20/20 MP: 5/5
  1122 | D:2      | Reached skill level 7 in Ranged Weapons
  1409 | D:2      | Reached XP level 4. HP: 25/25 MP: 6/6
  1666 | D:2      | 1666 ||| READING scroll labelled WUGHIS IMIYFA.
  1667 | D:2      | 1667 ||| READING scroll labelled ZOZUDA FUKHUF.
  1667 | D:2      | 1667 ||| IDENTIFYING sedimented clear potion
  1668 | D:2      | 1668 ||| DRINKING 2 sedimented cyan potions.
  1669 | D:2      | 1669 ||| DROPPING potion of magic.
  1670 | D:2      | 1670 ||| DROPPING potion of attraction.
  1690 | D:3      | 1690 ||| PLANNING SEWER
  1720 | D:3      | Found a runed translucent door.
  1721 | D:3      | Noticed Crazy Yiuf
  1803 | D:3      | Noticed Ijyb
  1805 | D:3      | Killed Ijyb
  1806 | D:3      | Reached skill level 8 in Ranged Weapons
  1810 | D:3      | 1810 ||| FLEEEEING.
  1816 | D:3      | 1816 ||| FLEEEEING.
  1817 | D:3      | 1817 ||| FLEEEEING.
  1818 | D:3      | 1818 ||| FLEEEEING.
  1819 | D:3      | 1819 ||| FLEEEEING.
  1862 | D:3      | You fall into a shaft and drop 1 floor!
  1891 | D:4      | Noticed an ogre
  1893 | D:4      | Slain by an ogre

Levels and vault maps discovered:
D:1:      dpeg_arrival_arbitrary_a, layout_loops_corners
D:2:      layout_loops_corners, nicolae_ecumenical_pavilion,
          serial_bayou_pond_d, kennysheep_boxes
D:3:      layout_loops_cross, serial_shops, shop, portal_sewer_entry_f,
          uniq_terence, uniq_ijyb, uniq_sigmund, uniq_crazy_yiuf_cottage
D:4:      wander_river, layout_rooms, mainiacjoe_overflow_boulevard,
          nicolae_shop_distant_corner_stores, minmay_misc_feat_tiny,
          uniq_duvessa

Skill      XL: |  1  2  3  4 |
---------------+-------------+-----
Ranged Weapons | 6 7 8 |  8.0
Fighting       | |  1.5
Dodging        | |  2.4
Stealth        | |  1.2

Action                     |  1- 3 |  4- 6 || total
---------------------------+-------+-------++-------
   Fire: Shortbow          |    45 |       ||    45
         Triple crossbow   |    37 |    18 ||    55
    Use: Scroll            |     2 |     2 ||     4
         Potion            |       |     1 ||     1
 Armour: Leather armour    |    10 |       ||    10
         Ring mail         |    12 |     5 ||    17
  Dodge: Dodged            |    16 |     4 ||    20

Table legend:
 A = Non-vault XP
 B = Vault XP
 C = Vault XP percentage of total XP
 D = Non-vault monster count
 E = Vault monster count
 F = Vault count percentage of total count
                 A         B        C        D         E       F
            +---------+---------+-------+---------+---------+-------
      Total |     118 |      36 |  23.4 |      49 |       1 |   2.0
            +---------+---------+-------+---------+---------+-------
        D:1 |      36 |       0 |   0.0 |      20 |       0 |   0.0
        D:2 |      71 |       0 |   0.0 |      24 |       0 |   0.0
        D:3 |       9 |      36 |  80.0 |       4 |       1 |  20.0
        D:4 |       2 |       0 |   0.0 |       1 |       0 |   0.0
            +---------+---------+-------+---------+---------+-------
